 Dungeon Crawl Stone Soup version 0.20-a0-984-ge8aa303 (webtiles) character file.

121 inmateoo the Chopper (level 5, -3/41 HPs)
             Began as a Formicid Fighter on Apr 11, 2017.
             Was an Initiate of Okawaru.
             Killed by divine providence
             ... invoked by an orc priest
              (12 damage)
             ... on level 3 of the Dungeon.
             The game lasted 00:02:12 (2224 turns).

inmateoo the Chopper (Formicid Fighter)             Turns: 2224, Time: 00:02:13

Health: -3/41      AC:  9    Str: 22    XL:     5   Next: 26%
Magic:  5/5        EV:  8    Int:  7    God:    Okawaru [......]
Gold:   99         SH:  9    Dex: 10    Spells: 4/4 levels left

rFire    . . .     SeeInvis +   a - +0 war axe
rCold    . . .     Gourm    .   c - +0 shield
rNeg     + . .     Faith    .   b - +0 scale mail
rPois    .         Spirit   .   (helmet unavailable)
rElec    .         Reflect  .   (no cloak)
rCorr    .         Harm     .   (no gloves)
MR       +....                  u - +1 pair of boots
Stlth    ..........             (no amulet)
Regen    0.2/turn               e - ring of protection from magic
MPRegen  0.1/turn               o - ring of positive energy (curse)

@: no status effects
A: permanent stasis, dig shafts and tunnels, four strong arms, antennae 3
a: Dig, Shaft Self, Renounce Religion


You were on level 3 of the Dungeon.
You worshipped Okawaru.
Okawaru was noncommittal.
You were very hungry.

You visited 1 branch of the dungeon, and saw 3 of its levels.

You collected 99 gold pieces.

Inventory:

Hand Weapons
 a - a +0 war axe (weapon)
Armour
 b - a +0 scale mail (worn)
 c - a +0 shield (worn)
 u - a +1 pair of boots (worn)
Jewellery
 e - a ring of protection from magic (left hand)
 o - a cursed ring of positive energy (right hand)
 r - a cursed ring of protection from fire {unknown}
 v - an uncursed ring of poison resistance {unknown}
Scrolls
 g - 2 scrolls of enchant weapon {unknown}
 h - 4 scrolls of teleportation {unknown}
 j - 2 scrolls of identify {unknown}
 l - a scroll of blinking {unknown}
 m - 2 scrolls of random uselessness {unknown}
 s - a scroll of noise {unknown}
 w - a scroll of enchant armour {unknown}
 y - a scroll of magic mapping {unknown}
 A - a scroll of remove curse {unknown}
Potions
 d - a potion of might
 i - a potion of degeneration {unknown}
 n - a potion of heal wounds {unknown}
 p - 4 potions of curing {unknown}
 x - a potion of lignification {unknown}
 z - 3 potions of brilliance {unknown}
Books
 q - a book of Maledictions

   Spells                             Type                      Level
   a - Corona                         Hexes                        1
   b - Ensorcelled Hibernation        Hexes/Ice                    2
   c - Confuse                        Hexes                        3
   d - Tukima's Dance                 Hexes                        3
   e - Dazzling Spray                 Conjuration/Hexes            3
Comestibles
 f - a bread ration
 k - 3 fruits
 t - a royal jelly


   Skills:
 - Level 3.2 Fighting
 * Level 5.0 Axes
 - Level 3.2 Armour
 - Level 3.6 Shields


You had 4 spell levels left.
You didn't know any spells.

Dungeon Overview and Level Annotations

Branches:
Dungeon (3/15)

Altars:
Cheibriados
Fedhas
Okawaru
Yredelemnul


Innate Abilities, Weirdness & Mutations

You cannot be hasted, slowed, berserked, paralysed or teleported.
You can dig through walls and to a lower floor.
Your four strong arms can wield two-handed weapons with a shield.
You have a pair of large antennae on your head. (SInv)


Message History

a flail; a leather armour; 2 chunks of flesh Unknown command.
The orc priest miscasts a cantrip.
You closely miss the orc priest. You block the orc priest's attack.
The orc priest hits you with a short sword.
You barely miss the orc priest.
The orc priest calls down the wrath of Beogh upon you.
Pain shoots through your body!
You closely miss the orc priest. You block the orc priest's attack.
You closely miss the orc priest.
The orc priest calls down the wrath of Beogh upon you.
Beogh smites you!
* * * LOW HITPOINT WARNING * * *
The orc priest hits you but does no damage.
You barely miss the orc priest.
The orc priest hits you but does no damage.
You barely miss the orc priest.
The orc priest calls down the wrath of Beogh upon you.
Beogh smites you!
You die...

#.# #.##.#....#####.# #.# #.#
#.##...#.## #.# #.# #.#
#.####.#.# #.# #.# #.# #.# #.#.#
#.# #.# #.# #.####.#.## #.# #.#
#.# #.........# #.# #.# #.#
##)....##.# #.# #.##### #.#
#.######o# #.# #.##...
#.######.######@#####.# #.#...#
#........[............# #...#..
########.######..###.#######....
#.# #.)# #............ #.#
#..###.########... #.#
#..)...###### ###. #.#
#......).(..# #. #.#
###...#####.# #. #.# ##.## #.#
#.


You could see an orc priest.

Vanquished Creatures
  An orc wizard (D:3)
  2 adders
  An ooze (D:1)
  2 worms
  2 dart slugs
  3 leopard geckos
  An orc (D:3)
  3 giant cockroaches
  4 goblins
  6 hobgoblins
  7 jackals
  A quokka (D:2)
  3 ball pythons (D:1)
  5 bats
  8 frilled lizards
  7 kobolds
  8 rats
64 creatures vanquished.

Notes
Turn   | Place    | Note
-------+----------+-------------------------------------------
     0 | D:1      | inmateoo the Formicid Fighter began the quest for the Orb.
     0 | D:1      | Reached XP level 1. HP: 18/18 MP: 1/1
    76 | D:1      | Reached XP level 2. HP: 21/24 MP: 2/2
    83 | D:1      | Reached skill level 3 in Axes
   235 | D:1      | Reached XP level 3. HP: 28/29 MP: 3/3
   745 | D:2      | Reached XP level 4. HP: 35/35 MP: 4/4
   772 | D:2      | Found a blossoming altar of Fedhas.
   772 | D:2      | Found a basalt altar of Yredelemnul.
   774 | D:2      | Found an iron altar of Okawaru.
   817 | D:2      | Became a worshipper of Warmaster Okawaru
   867 | D:2      | Reached skill level 4 in Axes
  2070 | D:3      | Found a snail-covered altar of Cheibriados.
  2210 | D:3      | Reached skill level 5 in Axes
  2210 | D:3      | Reached XP level 5. HP: 23/41 MP: 5/5
  2224 | D:3      | Killed from afar by an orc priest

Vault maps used:
D:1:      dpeg_arrival_shelter, minmay_crystal_room, hex_large
D:2:      gammafunk_temple_overflow_claw
D:3:      marbit_many_paths

Skill      XL: |  1  2  3  4 |
---------------+-------------+-----
Axes           | 3 5 |  5.0
Fighting       | |  3.2
Armour         | |  3.2
Shields        | |  3.6

Action                   |  1- 3 |  4- 6 || total
-------------------------+-------+-------++-------
Melee: War axe           |    97 |    93 ||   190
  Eat: Chunk             |       |     3 ||     3
Armor: Scale mail        |    62 |    40 ||   102
Dodge: Dodged            |    36 |    24 ||    60
Block: Shield            |    80 |    37 ||   117
